 Dungeon Crawl Stone Soup version 0.30.1-3-gfc49f6343a (webtiles) character file.

Game seed: 17530097683120958088

364 monsoonserge the Magician (level 7, -1/45 HPs)
             Began as a Djinni Venom Mage on July 21, 2023.
             Slain by an ogre
             ... wielding a +0 giant spiked club
              (31 damage)
             ... on level 4 of the Dungeon.
             The game lasted 00:14:16 (2997 turns).

monsoonserge the Magician (Djinni Venom Mage)       Turns: 2997, Time: 00:14:17

Health: -1/45      AC:  4    Str:  7    XL:     7   Next: 0%
Gold:   204        EV: 12    Int: 19    God:
                   SH:  0    Dex: 13

rFire   + + .        i - +0 trident
rCold   x . .        (no shield)
rNeg    . . .        a - +0 robe
rPois   ∞            e - +0 helmet
rElec   .            t - +0 cloak
rCorr   .            (no gloves)
SInv    .            (boots unavailable)
Will    .....        (no amulet)
Stlth   ++           (no ring)
HPRegen 0.27/turn    (no ring)
MPRegen 0.00/turn

%: infuse magic (-2 HP)
@: flying
A: sickness immunity, fire resistance 2, cold vulnerability 1, float, innate
caster, HP casting, extra vitality 1
a: no special abilities


You were on level 4 of the Dungeon.
You visited 1 branch of the dungeon, and saw 4 of its levels.
You also visited: Sewer.

You collected 204 gold pieces.

Inventory:

Hand Weapons
 c - a +0 dagger
 d - a +0 club
 i - a +0 trident (weapon)
 v - a +0 rapier
 A - a +1 dagger of venom
Missiles
 w - 4 poisoned darts
Armour
 a - a +0 robe (worn)
 e - a +0 helmet (worn)
 j - a +0 ring mail
 t - a +0 cloak (worn)
Magical Staves
 o - a staff of cold
Wands
 m - a wand of digging (8)
 u - a wand of polymorph (11)
 z - a wand of paralysis (8)
Scrolls
 b - 3 scrolls of identify {unknown}
 h - a scroll of noise {unknown}
 n - a scroll of immolation {unknown}
 p - 2 scrolls of fog {unknown}
 x - a scroll of fear {unknown}
 y - 3 scrolls of acquirement {unknown}
 B - a scroll of summoning {unknown}
Potions
 f - 2 potions of ambrosia {unknown}
 g - a potion of might {unknown}
 k - 2 potions of lignification {unknown}
 l - 2 potions of brilliance {unknown}
 q - a potion of berserk rage {unknown}
 r - 3 potions of attraction {unknown}
 s - a potion of curing {unknown}
 C - a potion of experience {unknown}


   Skills:
 + Level 2.4 Dodging
 - Level 2.0 Stealth
 * Level 5.4 Spellcasting


You knew the following spells:

 Your Spells              Type           Power      Damage    Failure   Level
a - Sting                 Tmut/Pois      100%       1d8       1%          1
b - Poisonous Vapours     Pois/Air       52%        N/A       1%          2
c - Mephitic Cloud        Conj/Pois/Air  26%        N/A       3%          3
d - Olgreb's Toxic Radia  Pois           26%        N/A       12%         4
e - Sandblast             Erth           52%        2d12      1%          1
f - Lesser Beckoning      Tloc           52%        N/A       1%          2
g - Spider Form           Tmut/Pois      26%        N/A       3%          3
Your spell library was empty.

Dungeon Overview and Level Annotations

Branches:
Dungeon (4/15)              Sewer (visited)
 Temple: D:4-7

Altars:
Wu Jian
Xom

Shops:
D:2 :   D:3 (


Innate Abilities, Weirdness & Mutations

You are immune to sickness and miasma.
You are immune to poison.
Your flesh is very heat resistant. (rF++)
You are vulnerable to cold. (rC-)
You float through the air rather than walking.
You learn spells naturally, not from books.
Your magical power is your life essence.
You have superior vitality. (+4 MHP)


Message History

You can't go down here!
Found 4 poisoned darts.
An ogre comes into view. It is wielding a +0 giant spiked club.
A phantom comes into view.
Cast which spell? (? or * to list)
Aiming: Sting (safe; 1% risk of failure)
Press: ? - help, Shift-Dir - straight line, f - ogre
Aim: an ogre, wielding a +0 giant spiked club (89% to hit)
The sting hits the ogre!
The ogre is poisoned.
The ogre is moderately wounded.
Casting: Sting (safe; 1% risk of failure)
Confirm with . or Enter, or press ? or * to list all spells.
Aiming: Sting (safe; 1% risk of failure)
Press: ? - help, Shift-Dir - straight line, f/p - ogre
Aim: an ogre, wielding a +0 giant spiked club (moderately wounded, poisoned, 89% to hit)
The sting hits the ogre but does no damage.
The ogre looks even sicker.
The ogre is moderately wounded.
The ogre hits you with a +0 giant spiked club!
Casting: Sting (safe; 1% risk of failure)
Confirm with . or Enter, or press ? or * to list all spells.
Aiming: Mephitic Cloud (dangerous; 3% risk of failure)
Press: ? - help, Shift-Dir - straight line, f/p - ogre
Aim: an ogre, wielding a +0 giant spiked club (moderately wounded, very poisoned, chance to affect: 77%)
The ball explodes into a vile cloud!
The stinking cloud engulfs the ogre but does no damage.
The ogre is moderately wounded.
The stinking cloud engulfs you but does no damage.
The stinking cloud engulfs the phantom but does no damage.
You hear a shout! x2
Casting: Mephitic Cloud (dangerous; 3% risk of failure)
Confirm with . or Enter, or press ? or * to list all spells.
Aiming: Sandblast (safe; 1% risk of failure)
Press: ? - help, Shift-Dir - straight line, f - phantom, p - ogre
Aim: a phantom (noxious fumes, 76% to hit)
The blast of sand misses the phantom.
The ogre is engulfed in noxious fumes.
The ogre appears confused.
The ogre hits you with a +0 giant spiked club!!
Ouch! That really hurt!
You die...

.......## ..
#.......# #(##
#.......# .
...###.......#
#.##...##.....####.
#.#................
##...#~..#.....)....
.....~~~~~..@W○...#
###.#~~~~~~~#.O....#
#....~~~~~~~÷☼○○.....
....~~~.~~~.........
.#.~~~~~~~~..#....#.
#.#~÷~~~~~#.....##
#...~~~~~...##.##
#...#...#...#..#
..##..........#.#


You could see an ogre (confused, very poisoned) and a phantom.

Vanquished Creatures
  2 phantoms
  A hound (D:4)
  Ijyb (D:3)
  A hell rat (Sewer)
  A gnoll (D:1)
  3 adders (D:3)
  2 river rats (Sewer)
  2 worms
  2 dart slugs (D:2)
  9 endoplasms
  2 giant cockroaches (D:4)
  10 goblins
  3 hobgoblins
  7 jackals
  2 quokkas
  6 ball pythons
  6 bats
  3 frilled lizards
  6 kobolds
  12 rats
81 creatures vanquished.

Notes
Turn   | Place    | Note
-------+----------+-------------------------------------------
     0 | D:1      | monsoonserge the Djinni Venom Mage began the quest for the
                  | Orb.
     0 | D:1      | monsoonserge set off with the following spells memorised:
                  | Sting, Poisonous Vapours, Mephitic Cloud, Olgreb's Toxic
                  | Radiance.
     0 | D:1      | Reached XP level 1. HP: 15/15 MP: 0/0
    68 | D:1      | Reached skill level 3 in Spellcasting
    68 | D:1      | Reached XP level 2. HP: 6/21 MP: 0/0
   274 | D:1      | Reached XP level 3. HP: 20/25 MP: 0/0
   274 | D:1      | Learned a level 1 spell: Sandblast
  1030 | D:2      | Reached XP level 4. HP: 21/31 MP: 0/0
  1281 | D:2      | Found Hujich's Book Shoppe.
  1774 | D:3      | Found Wenoos's Weapon Emporium.
  1992 | D:3      | Noticed a phantom
  2001 | D:3      | Killed a phantom
  2002 | D:3      | Reached skill level 4 in Spellcasting
  2002 | D:3      | Reached XP level 5. HP: 26/35 MP: 0/0
  2002 | D:3      | Learned a level 2 spell: Lesser Beckoning
  2182 | D:3      | Noticed Ijyb
  2191 | D:3      | Killed Ijyb
  2249 | D:3      | Reached XP level 6. HP: 34/40 MP: 0/0
  2425 | D:3      | Found an ornate altar of the Wu Jian Council.
  2462 | D:3      | Found a shimmering altar of Xom.
  2560 | D:4      | Reached skill level 5 in Spellcasting
  2659 | D:4      | Found a glowing drain.
  2675 | Sewer    | Entered a sewer
  2869 | Sewer    | Reached XP level 7. HP: 17/45 MP: 0/0
  2869 | Sewer    | Learned a level 3 spell: Spider Form
  2997 | D:4      | Slain by an ogre

Illustrated notes

Levels and vault maps discovered:
D:1:      saegor_arrival_under_anarchy, layout_rooms
D:2:      layout_basic, serial_shops, shop
D:3:      layout_basic, nicolae_wu_jian_immortal_techniques,
          general_overflow_altar, serial_shops, nicolae_shop_tiny_glass,
          uniq_ijyb
D:4:      layout_rooms, minmay_temple_entry_offerings,
          cheibrodos_sewer_entry_drain

Skill      XL: |  1  2  3  4  5  6 |
---------------+-------------------+-----
Spellcasting   | 3 4 5 |  5.4
Stealth        | 2 |  2.0
Dodging        | |  2.4

Action                     |  1- 3 |  4- 6 |  7- 9 || total
---------------------------+-------+-------+-------++-------
  Melee: Dagger            |     1 |       |       ||     1
         Trident           |     5 |    23 |       ||    28
   Cast: Sting             |    38 |    61 |     2 ||   101
         Poisonous Vapours |    38 |    25 |       ||    63
         Sandblast         |     5 |    23 |     1 ||    29
         Mephitic Cloud    |       |       |     1 ||     1
 Armour: Robe              |     4 |    14 |       ||    18
  Dodge: Dodged            |     7 |    25 |       ||    32
